Selects Italian Coastal Battlegroup
Construct Infanterie Kompanie
Construct Panzergrenadier Kompanie
Selects Artillery Officer
Infanterie Officer Quarters
Pak 40 Anti-tank Gun Team
Construct Panzer Kompanie
Selects Designate Defensive Line
Selects Designated Artillery Overwatch
Construct Luftwaffe Kompanie
Designated Artillery Overwatch
Pak 40 Anti-tank Gun Team
Designated Artillery Overwatch
Designated Artillery Overwatch